 Dungeon Crawl Stone Soup version 0.30-a0-719-gcc4359ea44 (webtiles) character file.

Game seed: 3337483762630210006

294 Hubris850 the Covert (level 6, -1/28 HPs)
             Began as a Spriggan Enchanter on Jan 26, 2023.
             Was an Initiate of Gozag.
             Slain by an orc
             ... wielding a +0 dagger
              (3 damage)
             ... on level 3 of the Dungeon.
             The game lasted 00:08:09 (2681 turns).

Hubris850 the Covert (Spriggan Enchanter)           Turns: 2681, Time: 00:08:09

Health: -1/28      AC:  2    Str:  4    XL:     6   Next: 11%
Magic:  10/12      EV: 18    Int: 17    God:    Gozag
Gold:   77         SH:  0    Dex: 17    Spells: 7/12 levels left

rFire   . . .      SeeInvis +    o - +1 dagger (drain)
rCold   . . .      Faith    .    (no shield)
rNeg    . . .      Spirit   .    b - +0 robe
rPois   .          Reflect  .    (helmet restricted)
rElec   .          Harm     .    (no cloak)
rCorr   +          Rampage  .    (gloves unavailable)
Will    +....                    (boots unavailable)
Stlth   ++++                     (no amulet)
HPRegen 0.24/turn                i - ring of resist corrosion
MPRegen 0.13/turn                p - ring of wizardry

@: very quick
A: very small, no large weapons, unfitting armour, see invisible, speed 3
a: Renounce Religion, Potion Petition, Call Merchant, Bribe Branch


You were on level 3 of the Dungeon.
You worshipped Gozag.
Gozag was noncommittal.
You visited 1 branch of the dungeon, and saw 3 of its levels.

You collected 139 gold pieces.
You paid 62 gold pieces to Gozag.

Inventory:

Hand Weapons
 a - a +1 dagger
 o - a +1 dagger of draining (weapon)
Missiles
 m - 4 poisoned darts (quivered)
 s - 2 boomerangs
Armour
 b - a +0 robe (worn)
Magical Staves
 r - a staff of cold
Jewellery
 i - a ring of resist corrosion (left hand)
 p - a ring of wizardry (right hand)
Scrolls
 f - 2 scrolls of poison {unknown}
 g - 6 scrolls of identify {unknown}
 h - a scroll of blinking {unknown}
 j - 4 scrolls of teleportation {unknown}
 k - a scroll of vulnerability {unknown}
 q - a scroll of enchant weapon {unknown}
 t - a scroll of fear {unknown}
 v - a scroll of noise {unknown}
 w - a scroll of torment {unknown}
Potions
 c - 2 potions of invisibility
 d - 3 potions of curing {unknown}
 e - a potion of brilliance {unknown}
 l - a potion of degeneration {unknown}
 n - a potion of might {unknown}
 u - 2 potions of attraction {unknown}


   Skills:
 - Level 1.1 Short Blades
 - Level 4.0 Dodging
 - Level 8.5 Stealth
 + Level 3.9 Spellcasting
 + Level 4.6 Hexes


You had 7 spell levels left.
You knew the following spells:

 Your Spells              Type           Power      Damage    Failure   Level
a - Ensorcelled Hibernat  Hex/Ice        22%        N/A       4%          2
b - Confusing Touch       Hex            19%        N/A       2%          3

Your spell library contained the following spells:

 Spells                   Type           Power      Damage    Failure   Level
 Tukima's Dance           Hex            19%        N/A       2%          3
 Dazzling Flash           Conj/Hex       22%        N/A       8%          3
 Sublimation of Blood     Necr           3%         N/A       10%         2
 Wereblood                Tmut           3%         N/A       10%         2
 Summon Hydra             Summ           1%         N/A       100%        7


Dungeon Overview and Level Annotations

Branches:
Dungeon (3/15)

Altars:
Gozag
Hepliaklqana

Annotations:
D:3 3 runed translucent doors, hikkokomori's ghost, amateur VSFi


Innate Abilities, Weirdness & Mutations

You are very small and have problems with some larger weapons.
You are too small for most types of armour.
You have supernaturally acute eyesight. (SInv)
You cover ground extremely quickly. (Speed+++)


Message History

The orc priest is no longer distracted by gold.
You hit the worm. You drain the worm.
You kill the worm!
The orc priest is distracted by your dazzling golden aura.
You closely miss the orc. The orc misses you.
You hit the orc. You drain the orc.
You kill the orc!
You barely miss the orc. The orc misses you.
You hit the orc.
The orc is lightly wounded.
The orc hits you with a +0 dagger.
You hit the orc but do no damage.
The orc is lightly wounded.
The orc priest is no longer distracted by gold.
The orc barely misses you.
You hit the orc.
The orc is moderately wounded.
The orc closely misses you.
You barely miss the orc.
The orc is moderately wounded.
The orc barely misses you.
You hit the orc.
The orc is almost dead.
The orc completely misses you.
You hit the orc but do no damage. You punch the orc, but do no damage.
The orc is almost dead.
The orc closely misses you.
The orc priest calls down the wrath of Beogh upon you.
Beogh smites you!
Ouch! That really hurt!
* * * LOW HITPOINT WARNING * * *
You closely miss the orc.
The orc is almost dead.
The orc hits you with a +0 dagger.
* * * LOW HITPOINT WARNING * * *
You completely miss the orc.
The orc is almost dead.
The orc hits you with a +0 dagger.
You die...
Your body crumbles into a pile of gold.

#......# ##..# ###
#.###### #..#
#......####..###
######.........#
######..#†#
################
###.♣.8.♣.♣.♣.♣.♣.
#.................
#@#.♣.♣.♣.♣.♣.8.♣.
####o################
...#...o.##
..........# $
...............
...........##..
.............
............##
............#


You could see an orc priest and an orc.

Vanquished Creatures
  An orc priest (D:3)
  3 orc wizards (D:3)
  Natasha (thrice) (D:2)
  Robin (D:2)
  An adder (D:2)
  4 worms
  2 dart slugs (D:2)
  4 orcs (D:3)
  7 ball pythons
  9 bats
  6 endoplasms
  2 giant cockroaches
  10 goblins
  7 hobgoblins
  8 jackals
  3 quokkas
  2 frilled lizards (D:2)
  4 kobolds
  A rat (D:2)
78 creatures vanquished.

Notes
Turn   | Place    | Note
-------+----------+-------------------------------------------
     0 | D:1      | Hubris850 the Spriggan Enchanter began the quest for the
                  | Orb.
     0 | D:1      | Reached XP level 1. HP: 9/9 MP: 5/5
   180 | D:1      | Reached skill level 5 in Stealth
   180 | D:1      | Reached XP level 2. HP: 13/13 MP: 6/6
   779 | D:2      | Learned a level 2 spell: Ensorcelled Hibernation
   797 | D:2      | Found a faded altar of an unknown god.
   839 | D:2      | Reached XP level 3. HP: 16/16 MP: 8/8
  1064 | D:2      | Noticed Natasha
  1073 | D:2      | Killed Natasha
  1074 | D:2      | Reached skill level 6 in Stealth
  1132 | D:2      | Identified the +1 helmet of Gaiwn {rCorr Str+5 Dex+2}
  1132 | D:2      | Noticed Robin
  1178 | D:2      | Reached XP level 4. HP: 14/21 MP: 9/9
  1185 | D:2      | Killed Robin
  1186 | D:2      | Reached skill level 7 in Stealth
  1310 | D:2      | Learned a level 3 spell: Confusing Touch
  1406 | D:2      | Noticed Natasha
  1417 | D:2      | Killed Natasha
  1580 | D:2      | Reached skill level 8 in Stealth
  1625 | D:2      | Noticed Natasha
  1632 | D:2      | Killed Natasha
  1633 | D:2      | Reached XP level 5. HP: 24/24 MP: 7/10
  2024 | D:3      | Found an opulent altar of Gozag.
  2194 | D:3      | Became a worshipper of Gozag Ym Sagoz the Greedy
  2282 | D:3      | Found a runed translucent gate.
  2283 | D:3      | Found a runed translucent gate.
  2283 | D:3      | Found an opulent altar of Gozag.
  2284 | D:3      | Found a runed translucent gate.
  2286 | D:3      | Noticed hikkokomori's ghost (amateur VSFi)
  2581 | D:3      | Found a hazy altar of Hepliaklqana.
  2662 | D:3      | Reached XP level 6. HP: 14/28 MP: 8/12
  2680 | D:3      | HP: 1/28 [orc/+0 dagger (2)]
  2681 | D:3      | Slain by an orc

Illustrated notes

Levels and vault maps discovered:
D:1:      sevenhm_arrival_forest_fort_small_6, layout_basic
D:2:      minmay_razor_zed, layout_basic, ebering_ecumenical_altar_box,
          uniq_robin, uniq_natasha
D:3:      layout_rooms, nzn_hepliaklqana_mist_gate, overflow_temple_1_default,
          ebering_ghost_gozag, chequers_avenue, grunt_decor_clamped,
          patterned_corridor

Skill      XL: |  1  2  3  4  5 |
---------------+----------------+-----
Dodging        | 3 4 |  4.0
Stealth        | 5 6 8 |  8.5
Spellcasting   | 3 |  3.9
Hexes          | 4 |  4.6
Short Blades   | |  1.1

Action                     |  1- 3 |  4- 6 || total
---------------------------+-------+-------++-------
  Melee: Dagger            |    97 |   114 ||   211
         Punch             |     2 |     4 ||     6
   Cast: Ensorcelled Hiber |     1 |    10 ||    11
   Stab: Sleeping          |    16 |    11 ||    27
         Distracted        |       |     2 ||     2
         Confused          |       |     1 ||     1
 Armour: Robe              |     4 |     4 ||     8
  Dodge: Dodged            |    59 |    66 ||   125

Table legend: (Time is in decaauts)
 A = Elapsed time spent in this place.
 B = Non-inter-level travel time spent in this place.
 C = Inter-level travel time spent in this place.
 D = Time resting spent in this place.
 E = Time spent auto-exploring this place.
 F = Levels seen in this place.
 G = Mean time per level.
                   A        B        C        D        E       F      G
               +--------+--------+--------+--------+--------+-----+--------+
         Total |   1834 |   1782 |     52 |    211 |   1053 |   3 |  611.3 |
       Dungeon |   1834 |   1782 |     52 |    211 |   1053 |   3 |  611.3 |
               +--------+--------+--------+--------+--------+-----+--------+

Top non-repeatable levels by time:
     D:2: 812 daAuts
     D:3: 561 daAuts
     D:1: 460 daAuts
